[Event "Super United Croatia GCT Blitz 2022"]
[Site "Zagreb"]
[Date "2022.07.23"]
[Round "3"]
[White "Carlsen, Magnus"]
[Black "So, Wesley"]
[Result "0-1"]
[ECO "C54"]
[WhiteElo "2864"]
[BlackElo "2773"]
[Annotator "TA"]
[PlyCount "78"]
[EventDate "2022.07.20"]
[EventType "tourn"]
[EventCountry "CRO"]
[SourceTitle "playchess.com"]
[Source "ChessBase"]
[SourceQuality "1"]
[TimeControl "300+2"]

1. e4 e5 2. Nf3 Nc6 3. Bc4 Bc5 4. c3 Nf6 5. d3 d6 6. Nbd2 a5 $1 {[%emt 0:00:07][%mdl 4] 6...a5 is the recent fashion. C54: Giuoco Piano: 4 c3 Nf6, main lines with 5 d4 and 5 d3.} 7. Nf1 O-O 8. Ng3 Be6 {[%emt 0:00:18] The position is equal.} 9. Bb5 Ne7 {[%emt 0:00:05] [#]} 10. O-O $146 ({Predecessor:} 10. d4 exd4 11. cxd4 Bb4+ 12. Kf1 c6 13. Bd3 a4 14. a3 Bb3 15. Bc2 Bxc2 16. Qxc2 {1-0 (47) Carlsen,M (2855)-Tari,A (2642) Stavanger 2021}) 10... c6 11. Ba4 Ng6 12. d4 Ba7 13. h3 exd4 14. Nxd4 d5 15. Nxe6 fxe6 16. Bc2 (16. Qe1 $11) 16... Qc7 $17 {[%emt 0:00:17] White is now going downhill.} 17. Kh2 dxe4 {[%emt 0:00:03] White must now prevent ...Rad8. Black is more active.} 18. Qe2 {[%emt 0:00:50] [#]} Nf4 $1 19. Qe1 (19. Bxf4 {is a better defense.} Qxf4 20. Kh1) 19... Rad8 $19 20. Bxe4 h5 21. Be3 (21. Bxf4 $142 Qxf4 22. Bg6) 21... Bb8 ({Worse is} 21... Nxe4 22. Bxa7 Nd2 23. Rg1 $19) 22. Kg1 $2 (22. Bc5 h4 23. Bxf8 Rxf8 24. Rd1 hxg3+ 25. fxg3) 22... Nxe4 23. Bxf4 Rxf4 24. Nxh5 Rf5 {[%emt 0:00:34][%csl Gb8][%cal Rc7h2] [#]} 25. f4 Nd2 26. Qxe6+ Qf7 27. Qxf7+ Kxf7 28. Ng3 Rb5 29. Rfe1 Rxb2 {[%emt 0:00:06] Hoping for ...Ba7+.} 30. Nf5 Rd7 31. Rad1 Bxf4 32. a4 Rd5 33. Nd4 g5 34. Re2 Nc4 {[%emt 0:00:03] Threatens to win with ...Rxe2.} 35. Ree1 Ne3 36. Rb1 Rxg2+ 37. Kh1 Rg3 38. Rxb7+ Kg6 39. Nxc6 Rd2 {[%emt 0:00:01] Weighted Error Value: White=0.45/Black=0.15 (very precise)} 0-1

[Event "Super United Croatia GCT Blitz 2022"]
[Site "Zagreb"]
[Date "2022.07.23"]
[Round "3"]
[White "Firouzja, Alireza"]
[Black "Dominguez Perez, Leinier"]
[Result "0-1"]
[ECO "A45"]
[WhiteElo "2793"]
[BlackElo "2754"]
[Annotator "TA"]
[PlyCount "118"]
[EventDate "2022.07.20"]
[EventType "tourn"]
[EventCountry "CRO"]
[SourceTitle "playchess.com"]
[Source "ChessBase"]
[SourceQuality "1"]
[TimeControl "300+2"]

1. d4 d5 2. Bg5 Nf6 3. e3 Ne4 4. Bf4 Bf5 5. f3 Nf6 6. Nc3 {[%emt 0:00:06] A45: Trompowsky Attack.} e6 7. g4 Bg6 8. h4 {[%emt 0:00:01] White is slightly better.} h6 9. Bd3 Bxd3 10. Qxd3 Bd6 11. Nge2 Nc6 12. O-O-O a6 {[%emt 0:00:07] [#]} 13. Kb1 $146 ({Predecessor:} 13. g5 Nh5 14. Bxd6 Qxd6 15. e4 Nf4 16. Qe3 Nxe2+ 17. Nxe2 O-O-O 18. e5 Qb4 19. Rdg1 hxg5 20. hxg5 {1-0 (37) Gomez Ledo,R (2446)-Lopez Martin,C (2100) Dos Hermanas 2021}) 13... Qe7 14. g5 Nh5 15. Bxd6 Qxd6 16. e4 O-O-O 17. e5 Qe7 18. f4 g6 19. Na4 Kb8 (19... Qb4 $11 20. Nc5 Ne7) 20. Nc5 $14 Ka7 21. Ka1 (21. Qa3 $1 $14) 21... Nb8 22. Rh3 b6 23. Nb3 $40 {[%emt 0:00:02][%mdl 128] White attacks.} Ng7 24. c4 hxg5 25. fxg5 dxc4 26. Qxc4 Nf5 27. Rc1 Rd7 28. Nc3 Kb7 (28... Qd8 $15 {deserves consideration.}) 29. a4 Rhd8 ({Black should try} 29... a5 $11) 30. Ne2 $1 a5 {[%emt 0:00:02] [#]} (30... Rh8 $14) 31. h5 ({Better is} 31. Nxa5+ $1 $16 Ka7 32. Rb3 $1) 31... gxh5 {[%emt 0:00:01] [#]} 32. Rxh5 {[%emt 0:00:02] [#]} (32. Nxa5+ $1 $14 {stays ahead.} Ka7 33. Nb3) 32... Qb4 (32... c6 $1 $17) 33. Qxb4 $11 axb4 34. Rh7 Nc6 35. Rc4 $2 {[%emt 0:00:05] [#] White does not recover from this.} (35. Rf1 $11 {and White stays safe.}) 35... Rg8 $1 $19 36. a5 Nxa5 37. Nxa5+ (37. Rxb4 {was necessary.} Nxb3+ 38. Rxb3) 37... bxa5 38. Rh5 Rgd8 39. Rh7 Nxd4 40. Nc1 (40. Nxd4 $142 Rxd4 41. Rxd4 Rxd4 42. b3) 40... Nc6 41. Nb3 Kb6 {[%emt 0:00:00] Hoping for ...Rd1+.} 42. Nc5 Rd1+ 43. Ka2 Kb5 44. Rhh4 a4 45. Nxa4 b3+ 46. Kxb3 Na5+ 47. Ka2 Nxc4 48. Nc3+ Kc5 {[%emt 0:00:01] ( -> ...Ra8+)} 49. Kb3 Na5+ (49... Rb8+ $142 50. Nb5 Rxb5+ 51. Kc2 Ne3+ 52. Kc3 Rc1+ 53. Kd3 Rb3+ 54. Kd2 Rc2+ 55. Ke1 Rbxb2 56. Rc4+ Rxc4 57. g6 Rc1#) 50. Ka2 R1d4 51. Rh7 R8d7 52. Ne2 Ra4+ (52... Rb4 $142 53. Nc1 Rd2 54. Ka1 Rd1 55. Rh3 Rxc1+ 56. Ka2 Ra4+ 57. Ra3 Kb4 58. Rxa4+ Kxa4 59. b4 Kxb4 60. Kb2 Nb3 61. g6 fxg6 62. Ka2 Kc3 63. Ka3 Ra1#) 53. Kb1 {[%emt 0:00:01] Black is clearly winning.} Re4 54. Nc3 Re1+ 55. Ka2 Kc6 56. Rh4 Rxe5 57. b4 Nb7 {[%emt 0:00:02] Strongly threatening ...Rd2+.} 58. Rg4 Nd6 59. Kb3 Re3 {[%emt 0:00:01] Weighted Error Value: White=0.57/Black=0.29 (precise)} 0-1

[Event "Super United Croatia GCT Blitz 2022"]
[Site "Zagreb"]
[Date "2022.07.23"]
[Round "3"]
[White "Nepomniachtchi, Ian"]
[Black "Saric, Ivan"]
[Result "1-0"]
[ECO "A07"]
[WhiteElo "2766"]
[BlackElo "2680"]
[Annotator "TA"]
[PlyCount "67"]
[EventDate "2022.07.20"]
[EventType "tourn"]
[EventCountry "CRO"]
[SourceTitle "playchess.com"]
[Source "ChessBase"]
[SourceQuality "1"]
[TimeControl "300+2"]

1. Nf3 Nf6 2. g3 d5 3. Bg2 g6 4. O-O Bg7 5. c4 dxc4 6. Qa4+ Nfd7 7. Qxc4 O-O {[%emt 0:00:03] A07: Réti Opening: New York and Capablanca Systems.} 8. Qc2 $5 {[%emt 0:00:02][%mdl 4] Exploring less charted territory.} Nc6 {[%emt 0:00:03] Prevents d4.} 9. Nc3 Nb6 {[%emt 0:00:06] The position is equal.} 10. b3 $5 {[%emt 0:00:07][%mdl 4] Leaves trodden paths.} Bf5 11. d3 {[%emt 0:00:02] [#]} Qd7 $146 ({Predecessor (2):} 11... Bg4 12. Qd2 Qd7 13. Re1 e5 14. Ba3 Rfe8 15. Rac1 Rad8 16. Ne4 Qc8 17. Qg5 Nd5 18. Nc5 h6 {½-½ (42) Duncan,C (2310)-Moore,G (2210) England 1995}) 12. Bb2 Bh3 13. Ne4 {[%emt 0:00:02] And now Nc5 would win.} Bxg2 14. Kxg2 Nb4 15. Qd2 {[%emt 0:00:02] [#] Hoping for Bxg7.} Bxb2 16. Qxb2 c6 17. h4 {[%emt 0:00:14][%cal Oh4h5] White is more active.} h5 (17... f6 $16 {was necessary.}) 18. Qe5 $2 (18. Qd2 $18) 18... f6 19. Qf4 {[%emt 0:00:02] Black must now prevent Nc5.} N4d5 {[%emt 0:00:28] Black is on the road to losing.} (19... Qg4 $14) 20. Qh6 $16 Qe8 (20... Rf7 $16 {keeps fighting.}) 21. Nc5 $18 e5 22. Nxb7 {[%emt 0:00:06] Nd6 is the strong threat.} Qf7 23. Nd6 Qg7 24. Qxg7+ Kxg7 25. Rfc1 $40 {[%emt 0:00:03][%mdl 128] White has strong attack.} Ne7 26. Nd2 (26. d4 $142) 26... Rfd8 (26... a5 $142 27. Nf3 Rfd8) 27. Nb7 Rd5 28. Ne4 f5 (28... a5 $142 29. Nc3 Rd7) 29. Nec5 {[%emt 0:00:13] Strongly threatening Ne6+.} a5 $2 {[%emt 0:00:06] [#]} (29... Kf7 30. Rc2 Re8) 30. Ne6+ {[%emt 0:00:01] White is clearly winning.} Kf6 31. Nc7 Ra7 32. Nxd5+ cxd5 33. Rc7 Na8 34. Rd7 {[%emt 0:00:01] Weighted Error Value: White=0.26 (precise) /Black=0.46} 1-0

[Event "Super United Croatia GCT Blitz 2022"]
[Site "Zagreb"]
[Date "2022.07.23"]
[Round "3"]
[White "Mamedyarov, Shakhriyar"]
[Black "Vachier-Lagrave, Maxime"]
[Result "1-0"]
[ECO "D94"]
[WhiteElo "2759"]
[BlackElo "2760"]
[Annotator "TA"]
[PlyCount "105"]
[EventDate "2022.07.20"]
[EventType "tourn"]
[EventCountry "CRO"]
[SourceTitle "playchess.com"]
[Source "ChessBase"]
[SourceQuality "1"]
[TimeControl "300+2"]

1. d4 Nf6 2. c4 g6 3. Nc3 d5 4. Nf3 Bg7 5. e3 O-O 6. cxd5 Nxd5 7. Bc4 Nxc3 8. bxc3 c5 9. O-O Qc7 {[%emt 0:00:05] The main line 9...Qc7 scores better than 9...Nc6.} 10. Qe2 Nc6 11. Rd1 {[%emt 0:00:22] D94: Grünfeld: 4 Nf3 Bg7 5 e3.} b6 12. e4 $5 {[%emt 0:00:09][%mdl 4] Exploring less charted territory.} Bg4 {[%emt 0:00:01] Hoping for ...cxd4.} 13. Be3 {[%emt 0:00:03] [#] The position is equal.} Rad8 $146 ({Predecessor:} 13... cxd4 14. cxd4 e5 15. Bd5 exd4 16. Rac1 dxe3 17. Rxc6 exf2+ 18. Qxf2 Qf4 19. h3 Bxf3 20. Qxf3 Qxf3 21. gxf3 {½-½ (44) Obolentseva,A (2305)-Papp,P (2336) Tornelo INT 2020}) 14. Rac1 e6 15. Bg5 cxd4 16. Bxd8 Rxd8 17. cxd4 (17. Bb5 $1 $11 Bxf3 18. gxf3) 17... Nxd4 $15 18. Qe3 {[%emt 0:00:03][%cal Rd1d4] Strongly threatening Rxd4.} Bxf3 19. gxf3 Qe7 (19... e5 $15) 20. Ba6 (20. f4 $11) 20... Qh4 (20... e5 $17 21. Rc8 Rxc8 22. Bxc8 h5) 21. f4 $1 $11 e5 22. Qg3 Qxf4 23. Qxf4 exf4 24. Kf1 Be5 $1 {[%emt 0:00:05] Prevents Rc7.} 25. Rc8 Rxc8 26. Bxc8 {[%emt 0:00:01][%mdl 4096] Endgame KRB-KBN} Kf8 27. Rc1 Ke7 28. Bh3 f3 29. Rc4 (29. Rc8 $5 ) 29... Kd6 30. Rc8 $1 Bxh2 31. Rd8+ Ke5 32. Rd7 h5 ({Don't play} 32... Kxe4 33. Rxf7 h5 34. Rg7 $16) 33. Rxf7 g5 {[%emt 0:00:01] White must now prevent ...g4.} ({But not} 33... Kxe4 34. Rg7 $16) 34. Rh7 Kxe4 35. Rxh5 Bf4 36. Rh7 {[%emt 0:00:07][%mdl 1024] White has compensation.} a5 37. Ra7 Bd6 38. a4 Bc5 39. Bd7 Kf4 40. Ra8 Nb3 {[%emt 0:00:03] And now ...Nd2+ would win.} 41. Bc6 g4 42. Ra7 Bxf2 $2 43. Kxf2 $18 g3+ 44. Kg1 $2 (44. Kf1 $1 $18 Nd4 45. Bb5) 44... Nd4 $11 45. Rf7+ Ke3 46. Re7+ Kd2 {[%emt 0:00:05] ( -> ...Ne2+)} 47. Rd7 Ke1 $2 48. Bxf3 $2 (48. Bb5 $18 Nxb5 49. Re7+ Kd2 50. axb5) 48... Nxf3+ 49. Kg2 Nd2 50. Kxg3 Nc4 $2 {[%emt 0:00:03][%mdl 8192] [#]} (50... Ke2 $11) 51. Kf4 $1 {[%emt 0:00:05] White mates.} Ke2 {[%emt 0:00:03] [#]} 52. Ke4 $1 Nb2 53. Rd4 {Weighted Error Value: White=0.49/Black=0.45} 1-0

[Event "Super United Croatia GCT Blitz 2022"]
[Site "Zagreb"]
[Date "2022.07.23"]
[Round "3"]
[White "Van Foreest, Jorden"]
[Black "Topalov, Veselin"]
[Result "0-1"]
[ECO "B50"]
[WhiteElo "2678"]
[BlackElo "2728"]
[Annotator "TA"]
[PlyCount "72"]
[EventDate "2022.07.20"]
[EventType "tourn"]
[EventCountry "CRO"]
[SourceTitle "playchess.com"]
[Source "ChessBase"]
[SourceQuality "1"]
[TimeControl "300+2"]

1. e4 c5 2. Nf3 d6 3. Bc4 Nf6 4. d3 Nc6 5. O-O e6 6. a4 Be7 7. Bb3 O-O 8. c3 a6 9. Re1 {[%emt 0:00:02] B50: Sicilian: 2...d6, Miscellaneous.} Rb8 $5 {[%emt 0:00:07][%mdl 4] A promising side line.} 10. Bf4 e5 {[%emt 0:00:04] [#]} 11. Bg5 $146 {[%emt 0:00:03] The position is equal.} ({Predecessor:} 11. Bg3 b5 12. axb5 axb5 13. d4 exd4 14. e5 dxe5 15. Nxe5 Nxe5 16. Bxe5 Bd6 17. cxd4 {0-1 (82) Ertan,C (2238)-Mamedov,R (2651) Kocaeli 2015}) 11... h6 12. Bxf6 Bxf6 13. Nbd2 g6 14. Nc4 Bg7 15. Ne3 Kh7 16. h3 b6 17. Bd5 Ne7 18. Bc4 Bb7 19. b4 cxb4 20. cxb4 d5 21. exd5 b5 22. axb5 axb5 23. Bb3 Nxd5 24. Nxd5 Bxd5 25. Rc1 Bxf3 26. Qxf3 Rb6 27. Rc5 ({Not} 27. Bxf7 $2 Rf6 28. Bxg6+ Rxg6 $19) 27... Qd4 28. Qe4 ({But not} 28. Bxf7 $2 Qd7 29. Bxg6+ Rxg6 $19) 28... Qb2 29. Qd5 Rf6 30. Rc2 Qa3 31. Rxe5 $2 {[%emt 0:00:32][%mdl 8192] This move loses the game for White.} (31. Ba2 $11) 31... Qa1+ $19 {[%emt 0:00:13] Black is clearly winning.} 32. Kh2 {[%emt 0:00:01] [#]} Rd6 $3 {[%emt 0:00:00][%mdl 576] Skewer} 33. Re4 (33. Qxb5 Bxe5+) 33... Rxd5 34. Bxd5 Qf6 {[%emt 0:00:06] Threatens to win with ...Qd6+.} 35. g3 Rd8 36. Rf4 {[%emt 0:00:04] [#]} Qxf4 $3 {[%emt 0:00:04][%mdl 512] Weighted Error Value: White=0.33/Black=0.05 (flawless)} 0-1

[Event "Super United Croatia GCT Blitz 2022"]
[Site "Zagreb"]
[Date "2022.07.23"]
[Round "4"]
[White "Nepomniachtchi, Ian"]
[Black "Mamedyarov, Shakhriyar"]
[Result "1/2-1/2"]
[ECO "C30"]
[WhiteElo "2766"]
[BlackElo "2759"]
[Annotator "TA"]
[PlyCount "76"]
[EventDate "2022.07.20"]
[EventType "tourn"]
[EventCountry "CRO"]
[SourceTitle "playchess.com"]
[Source "ChessBase"]
[SourceQuality "1"]
[TimeControl "300+2"]

1. e4 e5 2. f4 Nf6 3. fxe5 Nxe4 4. Nf3 Ng5 5. d4 Nxf3+ 6. Qxf3 {[%emt 0:00:01] [#] aiming for Bc4. C30: King's Gambit Declined.} ({Stronger than} 6. gxf3 Qh4+ 7. Ke2 d6 $17) 6... Qh4+ 7. Qf2 Qxf2+ 8. Kxf2 d6 9. exd6 Bxd6 10. Nd2 {[%emt 0:00:08] [#]} (10. Bd3 $14) 10... O-O $146 (10... Bf5 $11) ({Predecessor:} 10... c6 11. Nc4 Bc7 12. Kf3 Be6 13. Bf4 Bxf4 14. Kxf4 Ke7 15. Re1 Rd8 16. c3 Kf8 {½-½ (35) Stocek,J (2515)-Timoscenko,G (2515) Slovakia 2001}) 11. Nc4 Be7 12. Bf4 Be6 13. Rd1 (13. Bxc7 Bxc4 14. Bxc4 Rc8 15. Bxb8 Rxc4 $15) 13... c6 14. Be2 Nd7 15. Na5 g5 16. Bd2 Nf6 {[%emt 0:00:42] White should prevent ...Ne4+.} 17. Bd3 {[%emt 0:00:10] Against Ne4+} c5 18. h3 {[%emt 0:00:16] Against Ng4+. The position is equal.} Rac8 {[%emt 0:00:20] [#] ...c4 is the strong threat.} 19. Rhe1 ({Much worse is} 19. Nxb7 c4 20. Be2 Ne4+ 21. Kg1 Bd5 $17) 19... b6 20. Nc4 cxd4 21. Bxg5 Ng4+ 22. hxg4 Bxg5 23. Nd6 Rc6 24. Nf5 Bxf5 (24... Rc5 {is more complex.} 25. Rh1 Rd8 26. Rh3 Bxf5 27. Bxf5 h6) 25. Bxf5 Rd8 26. Kf3 Kg7 27. Re2 Rc5 28. g3 h6 29. Kg2 Rc7 30. Rf1 Re7 31. Rxe7 Bxe7 $11 {[%emt 0:00:02][%mdl 4096] Endgame KRB-KRB} 32. Bd3 Bf6 33. Rf5 Re8 34. Kf2 Re5 35. Kf3 Re3+ 36. Kf2 Re5 37. Kf3 Re3+ 38. Kf2 Re5 {[%emt 0:00:01] Weighted Error Value: White=0.09 (flawless) /Black=0.07 (flawless)} 1/2-1/2

[Event "Super United Croatia GCT Blitz 2022"]
[Site "Zagreb"]
[Date "2022.07.23"]
[Round "4"]
[White "Vachier-Lagrave, Maxime"]
[Black "Firouzja, Alireza"]
[Result "1/2-1/2"]
[ECO "B13"]
[WhiteElo "2760"]
[BlackElo "2793"]
[Annotator "TA"]
[PlyCount "83"]
[EventDate "2022.07.20"]
[EventType "tourn"]
[EventCountry "CRO"]
[SourceTitle "playchess.com"]
[Source "ChessBase"]
[SourceQuality "1"]
[TimeControl "300+2"]

1. e4 c6 2. d4 d5 3. exd5 cxd5 4. Bd3 Nf6 5. c3 Bg4 6. Qb3 Qc7 7. Ne2 {[%emt 0:00:08] B13: Caro-Kann: Exchange Variation and Panov-Botvinnik Attack.} Nc6 8. Bf4 Qd7 9. Nd2 e6 10. Ng3 {[%emt 0:00:20] [#]} Be7 $146 ({Predecessor:} 10... Bd6 11. Bxd6 Qxd6 12. h3 Bh5 13. Qxb7 Rb8 14. Qa6 O-O 15. Rb1 e5 16. Nf5 Qd8 17. Qxc6 {1-0 (24) Zierk,S (2499)-Harutjunyan,G (2442) Chess.com INT 2021}) 11. O-O O-O 12. Rae1 Bd6 13. Be5 Nh5 14. Qc2 {[%emt 0:00:01] White is more active.} Nxg3 15. hxg3 {[%emt 0:00:10] And now Bxd6 would win.} g6 16. Bxd6 Qxd6 17. f3 Bf5 18. Bxf5 exf5 19. f4 ({White should try} 19. g4 $11) 19... Rfe8 20. Nf3 f6 21. Qb3 (21. Kf2 {is more complex.} Kf7 22. Qb3 Qd7 23. Qa4) 21... Qd7 22. Qb5 a6 23. Qb6 Kg7 24. Kf2 Kf7 25. Rxe8 Rxe8 26. Re1 Ra8 27. a4 Ne7 28. a5 Nc8 29. Qc5 Qc6 30. Qxc6 bxc6 $11 {[%emt 0:00:01][%mdl 4096] Endgame KRN-KRN} 31. b4 (31. Rh1 $5 h5 32. Ne1 $11) 31... Nd6 {[%emt 0:00:02] Threatens to win with ...Ne4+.} 32. Nd2 Ne4+ {[%emt 0:00:15] The position is equal.} 33. Nxe4 fxe4 {[%emt 0:00:01] KR-KR} 34. g4 Rh8 35. Rh1 h5 36. Ke3 f5 37. g5 Ke6 38. g3 Rb8 39. Rh2 Kd6 40. Rh1 Ke6 41. Rh2 Kd6 42. Rh1 {[%emt 0:00:09] Weighted Error Value: White=0.10 (very precise) /Black=0.07 (flawless)} 1/2-1/2

[Event "Super United Croatia GCT Blitz 2022"]
[Site "Zagreb"]
[Date "2022.07.23"]
[Round "4"]
[White "Dominguez Perez, Leinier"]
[Black "Carlsen, Magnus"]
[Result "1-0"]
[ECO "C88"]
[WhiteElo "2754"]
[BlackElo "2864"]
[Annotator "TA"]
[PlyCount "109"]
[EventDate "2022.07.20"]
[EventType "tourn"]
[EventCountry "CRO"]
[SourceTitle "playchess.com"]
[Source "ChessBase"]
[SourceQuality "1"]
[TimeControl "300+2"]

1. e4 e5 2. Nf3 Nc6 3. Bb5 a6 4. Ba4 Nf6 5. O-O Be7 6. Re1 b5 7. Bb3 O-O 8. a4 Bb7 9. d3 d6 10. Nbd2 Na5 {[%emt 0:00:32] 10...Nd7 deserves study.} 11. Ba2 c5 12. Nf1 b4 {[%emt 0:00:09] C88: Closed Ruy Lopez: Anti-Marshall Systems.} 13. Ne3 b3 14. cxb3 Nc6 {[%emt 0:00:10] The position is equal.} 15. b4 Nxb4 16. Bc4 Bc8 17. Bd2 {[%emt 0:00:28] [#]} Nc6 $146 ({Predecessor:} 17... Rb8 18. a5 Qc7 19. Bc3 Nc6 20. h3 Qb7 21. Nh4 Nxe4 22. dxe4 Bxh4 23. Qd3 Nd4 {1-0 (30) Viliavin,R (2249)-Ivanovic,Z (2334) ICCF email 2005}) 18. a5 Be6 19. Nd5 Rb8 20. Nxf6+ Bxf6 21. Bxa6 Qc7 22. Bc3 Bb3 23. Qd2 Nb4 (23... Nd4 $11) 24. Bxb4 (24. Bc4 $5 Nc2 25. Bxb3 Nxa1 26. Bxf7+ Rxf7 27. Rxa1 $14) 24... Rxb4 25. Qc3 Ra8 26. Nd2 Rxa6 27. Nxb3 Bd8 28. Ra3 Qb7 29. g3 h5 30. h4 Qd7 31. Qc2 Qg4 32. Qe2 (32. Kh2 {seems wilder.} g6 33. Nd2 Rxa5 34. Nc4) 32... Qe6 {[%emt 0:00:04] [#]} (32... Qxe2 $11 33. Rxe2 g6) 33. Qc2 (33. d4 $1 $16 Ra7 34. d5) 33... g5 34. hxg5 h4 $1 35. Kg2 Bxg5 36. Nd2 Qg4 37. Nc4 {[%emt 0:00:02] Black should prevent Qd1.} d5 $2 (37... hxg3 $11 {and Black has nothing to worry.} 38. Qe2 gxf2+ 39. Qxg4 fxe1=Q 40. Qxg5+ Kh8 41. Qh5+ Kg8 42. Qg4+ Kf8 43. Qc8+ Kg7 44. Qg4+ (44. Qxa6 Qe2+ 45. Kg1 Rb8 $19) 44... Kf8 45. Qc8+ Kg7 46. Qg4+ (46. Qxa6 $2 Qe2+ 47. Kg1 Rb8 $19) 46... Kf6) 38. Nxe5 $18 {[%emt 0:00:01] Chess con chili.} Qe6 39. Nf3 (39. Qxc5 $18 h3+ 40. Kh2 Rxb2 41. Qd4 (41. exd5 Qf5 $11) (41. Qxd5 Rxf2+ 42. Kh1 Qf6 $17)) 39... Bf6 (39... hxg3 $1 $14 40. fxg3 (40. Nxg5 gxf2 41. Qxf2 Qg4+ 42. Kf1 Qxg5 $11) 40... Qg4) 40. Qxc5 Rxb2 {[%emt 0:00:01] ...Qg4 is the strong threat.} 41. Qxd5 (41. exd5 Qg4 42. Re8+ (42. Nxh4 $2 Bd4 $19) 42... Kh7 $11) 41... h3+ 42. Kg1 Qg4 (42... Qxd5 {was necessary.} 43. exd5 Kg7) 43. e5 Be7 44. Rc3 {[%emt 0:00:05] Black must now prevent Rc4.} Rxa5 {[%emt 0:00:01] [#]} 45. Rc4 (45. Qxa5 Qxf3) (45. Qc6 $1 $16 Rc5 46. Rxc5 Bxc5 47. d4 (47. Qxc5 Qxf3 48. Qc8+ Kg7) 47... Bxd4 48. Nxd4 Qxd4 49. Qf3) 45... Qf5 (45... Qxg3+ $1 $14 46. fxg3 Rxd5) 46. Qe4 (46. Qxa5 $2 Qxf3 47. Qa8+ Qxa8 $19) ({Better is} 46. Qc6 {Threatens to win with Qe8+.} h2+ 47. Kh1 Rxf2 48. Rf4) 46... Qxe4 $2 (46... h2+ $16 47. Kh1 Qxe4 48. Rcxe4 (48. Rexe4 Rxf2 49. Ne1 Ra1 $17) 48... Rxf2) 47. Rcxe4 ({Less strong is} 47. dxe4 Bc5 48. Nd4 Bxd4 49. Rxd4 Rxe5 $14) ({Not} 47. Rexe4 Ra1+ 48. Kh2 (48. Re1 Rxe1+ 49. Nxe1 Rb1 $11) 48... Rxf2+ 49. Kxh3 Rxf3 50. Rc8+ Kg7 $11) 47... Raa2 48. Rf1 Ra3 49. Re3 Bc5 $2 (49... Bd8 $16 {was worth a try.} 50. d4 Rxe3 51. fxe3 Re2) 50. d4 Rxe3 51. fxe3 Rg2+ 52. Kh1 Be7 53. Ng1 (53. d5 $142) 53... Bg5 $2 (53... Rxg3 $18 54. Rf3 Rg6 55. Nxh3 f6 56. exf6 Bxf6) 54. Nxh3 Rxg3 55. Nxg5 {[%emt 0:00:01] Weighted Error Value: White=0.28 (precise) /Black=0.51} 1-0

[Event "Super United Croatia GCT Blitz 2022"]
[Site "Zagreb"]
[Date "2022.07.23"]
[Round "4"]
[White "Saric, Ivan"]
[Black "Topalov, Veselin"]
[Result "1-0"]
[ECO "B81"]
[WhiteElo "2680"]
[BlackElo "2728"]
[Annotator "TA"]
[PlyCount "63"]
[EventDate "2022.07.20"]
[EventType "tourn"]
[EventCountry "CRO"]
[SourceTitle "playchess.com"]
[Source "ChessBase"]
[SourceQuality "1"]
[TimeControl "300+2"]

1. e4 c5 2. Nf3 d6 3. d4 cxd4 4. Nxd4 Nf6 5. Nc3 a6 6. h3 e6 7. g4 h6 8. Bg2 Nc6 9. Nxc6 {[%emt 0:00:07] B81: Sicilian Scheveningen: Keres Attack.} bxc6 10. e5 $1 dxe5 11. Bxc6+ {[%emt 0:00:01] White is slightly better.} Bd7 12. Bxa8 {[%emt 0:00:01] White is more active.} Qxa8 13. Rg1 {[%emt 0:00:03][%cal Bh1g1,Bg1g3,Bg3e3][%mdl 32] [#]} Qb7 $146 ({Predecessor:} 13... h5 14. g5 Nd5 15. Bd2 Ne7 16. Qe2 Ng6 17. O-O-O Bc6 18. Qc4 Be7 19. Be3 O-O {½-½ (55) Srijit,P (2399)-Savchenko,B (2524) Chennai 2022}) 14. Qe2 Bd6 {[%emt 0:00:02] [#]} (14... Bc6 $14) 15. b3 (15. Qd3 $1 $16 Nd5 16. Bd2) 15... Bc6 $1 $14 16. Rg3 {[%emt 0:00:17] Against Bf3} e4 17. Re3 O-O 18. Bb2 Bf4 {[%emt 0:00:06] [#]} 19. O-O-O $1 a5 {[%emt 0:00:12] [#]} 20. Kb1 $1 a4 $1 {[%emt 0:00:01] [#]} 21. h4 $1 axb3 (21... Bxe3 22. fxe3) 22. axb3 Ra8 ({Black should play} 22... Bxe3 $14 23. fxe3 Nh7) 23. g5 $1 $18 hxg5 24. hxg5 Bxg5 25. Rg1 Ra5 {[%emt 0:00:23] Black cannot hold the game after this.} (25... Bxe3 $11 {and Black stays safe.} 26. Qxe3 Ne8) 26. Reg3 Bh6 27. Nd1 ({Weaker is} 27. Bc1 Qa8 28. Bb2 g6 $16) 27... Nh5 28. Rh3 Qb5 29. Qg4 {[%emt 0:00:21] Threatens to win with Bc3.} Qf5 30. Qh4 {[%emt 0:00:24] Ne3 is the strong threat. The board is on fire.} Qf4 (30... f6 31. Bxf6 Qf4) 31. Qd8+ Kh7 32. Qxa5 {[%emt 0:00:03] Weighted Error Value: White=0.14 (very precise) /Black=0.37} 1-0